 Dungeon Crawl Stone Soup version 0.27-a0-604-g29a88b33a7 (webtiles) character file.

Game seed: 8525496356225158627

3 robertstho the Conjurer (level 1, 0/11 HPs)
             Began as an Octopode Conjurer on Mar 12, 2021.
             Slain by a hobgoblin
             ... wielding a +0 club
              (4 damage)
             ... on level 1 of the Dungeon.
             The game lasted 00:00:18 (233 turns).

robertstho the Conjurer (Octopode Conjurer)          Turns: 233, Time: 00:00:18

Health: 0/11       AC:  1    Str:  6    XL:     1   Next: 50%
Magic:  2/3        EV: 13    Int: 20    God:
Gold:   4          SH:  0    Dex: 10    Spells: 3/4 levels left

rFire    . . .     SeeInvis .   (no weapon)
rCold    . . .     Faith    .   (no shield)
rNeg     . . .     Spirit   .   (helmet restricted)
rPois    .         Reflect  .   (no amulet)
rElec    .         Harm     .   (no ring)
rCorr    .         Rampage  .   (no ring)
Will     .....                  (no ring)
Stlth    +++.......             (no ring)
HPRegen  0.03/turn              (no ring)
MPRegen  0.08/turn              (no ring)
                                (no ring)
                                (no ring)

@: very slightly contaminated
A: almost no armour, amphibious, 8 rings, camouflage 1, gelatinous body 1,
nimble swimmer 1, tentacles
a: no special abilities


You were on level 1 of the Dungeon.
You visited 1 branch of the dungeon, and saw 1 of its levels.

You collected 4 gold pieces.

Inventory:

Scrolls
 a - a scroll of enchant armour {unknown}


   Skills:
 + Level 2.0 Dodging
 * Level 2.6 Stealth
 * Level 2.0 Spellcasting
 + Level 4.1 Conjurations


You had 3 spell levels left.
You knew the following spells:

 Your Spells              Type           Power      Damage    Failure   Level
a - Magic Dart            Conj           72%        1d6       3%          1

Your spell library contained the following spells:

 Spells                   Type           Power      Damage    Failure   Level
 Searing Ray              Conj           36%        3d4       4%          2
 Dazzling Flash           Conj/Hex       20%        N/A       21%         3
 Fulminant Prism          Conj/Hex       5%         3d7       56%         4
 Iskenderun's Mystic Bla  Conj/Tloc      10%        2d4       56%         4


Dungeon Overview and Level Annotations

Branches:
Dungeon (1/15)

Altars:


Innate Abilities, Weirdness & Mutations

You cannot wear most types of armour.
You are amphibious.
You can wear up to eight rings at the same time.
Your skin changes colour to match your surroundings (Stealth+).
Your rubbery body absorbs attacks. (AC +1, EV +1)
You are stealthy while swimming. (Stealth+)
You have tentacles for arms and can constrict up to eight enemies at once.


Message History

The kobold is moderately wounded.
You constrict the kobold, but do no damage.
The kobold closely misses you.
You tentacle-slap the kobold but do no damage.
The kobold is moderately wounded.
You constrict the kobold, but do no damage.
The kobold misses you.
You barely miss the kobold.
The kobold is moderately wounded.
You constrict the kobold.
You kill the kobold!
You tentacle-slap the hobgoblin but do no damage.
You grab the hobgoblin. You constrict the hobgoblin.
The hobgoblin hits you with a +0 club.
You tentacle-slap the hobgoblin but do no damage.
The hobgoblin is moderately wounded.
You constrict the hobgoblin.
The hobgoblin hits you but does no damage.
You tentacle-slap the hobgoblin but do no damage.
The hobgoblin is severely wounded.
You constrict the hobgoblin, but do no damage.
The hobgoblin barely misses you.
You tentacle-slap the hobgoblin but do no damage.
The hobgoblin is severely wounded.
You constrict the hobgoblin, but do no damage.
The hobgoblin hits you with a +0 club.
* * * LOW HITPOINT WARNING * * *
You are too injured to fight recklessly!
You are too injured to fight recklessly!
Casting: Magic Dart (safe; 3% risk of failure)
Confirm with . or Enter, or press ? or * to list all spells.
Aiming: Magic Dart (safe; 3% risk of failure)
Press: ? - help, Shift-Dir - straight line, f - hobgoblin
Aim: a hobgoblin, wielding a +0 club (severely wounded, constricted by you, 0% to evade)
You miscast Magic Dart.
You are very lightly contaminated with residual magic.
Nothing appears to happen.
You constrict the hobgoblin.
A hobgoblin comes into view. It is wielding a +0 club.
The hobgoblin hits you with a +0 club.
You die...

#######+########
...............#
g.....g@.......#
...............#
...$...........#
...............#
##.............#
#.............##
#.....
#...##+####....#
#..... #..[
#....# #.....
#....# #.....


You could see 2 hobgoblins.

Vanquished Creatures
  A hobgoblin (D:1)
  A kobold (D:1)
  2 rats (D:1)
4 creatures vanquished.

Notes
Turn   | Place    | Note
-------+----------+-------------------------------------------
     0 | D:1      | robertstho the Octopode Conjurer began the quest for the
                  | Orb.
     0 | D:1      | Reached XP level 1. HP: 11/11 MP: 3/3
   233 | D:1      | Slain by a hobgoblin

Illustrated notes

Levels and vault maps discovered:
D:1:      ebering_trefoil_twist, layout_basic

Action                   || total
-------------------------++-------
Melee: Unarmed           ||    20
       Tentacles         ||     5
       Constrict         ||     4
 Stab: Sleeping          ||     2
Armor: Skin              ||     2
Dodge: Dodged            ||     7

Table legend: (Time is in decaauts)
 A = Elapsed time spent in this place.
 B = Non-inter-level travel time spent in this place.
 C = Inter-level travel time spent in this place.
 D = Time resting spent in this place.
 E = Time spent auto-exploring this place.
 F = Levels seen in this place.
 G = Mean time per level.
                   A        B        C        D        E       F      G
               +--------+--------+--------+--------+--------+-----+--------+
         Total |    233 |    233 |      0 |      0 |    190 |   1 |  233.0 |
       Dungeon |    233 |    233 |      0 |      0 |    190 |   1 |  233.0 |
               +--------+--------+--------+--------+--------+-----+--------+

Top non-repeatable levels by time:
     D:1: 233 daAuts
